Tolliver Groat, neutral female gnomish Tourist . ..... ........ ........ . -........ ..%--------@u...... ..<.....h......... .. ---..-----f....... #.. .......@. # . ..... .. . .... ...? ..(.. ...*.. .....! ....... .... .. Tolliver Groat the Excursionist Experience level: 6 Strength: 13 Dexterity: 14 Constitution: 17 Intelligence: 10 Wisdom: 10 Charisma: 12 Health: 0(54) Energy: 31(31) Def: 5 Gold: 491 Moves: 3804 Dungeon seed: GvT9UvYCV0DmvPq0 Game ID: Tolliver Groat_1529595957 Your Inventory: Coins $ - 491 gold pieces Amulets W - a cursed amulet of strangulation Weapons a - 43 uncursed +2 darts (in quiver) q - an uncursed +2 aklys (weapon in hand) Armor r - a blessed +1 pair of gauntlets of dexterity (being worn) Y - an uncursed +0 cloak of protection (being worn) Comestibles c - an uncursed tripe ration h - 2 uncursed food rations Rings E - an uncursed ring of invisibility I - a blessed +2 ring of increase accuracy Wands o - an uncursed wand of secret door detection (0:15) v - an uncursed wand of teleportation (0:5) F - an uncursed wand of undead turning (0:4) G - an uncursed wand of light (0:12) H - an uncursed wand of digging (0:3) J - an uncursed wand of fire (0:5) K - an uncursed wand of slow monster (0:5) Tools e - an uncursed skeleton key n - an uncursed leather drum named MOON OF PEJENG p - an uncursed magic whistle P - an uncursed stethoscope T - an uncursed oil lamp (0:1369) Spells and supernatural/magical abilities: Name Level Category Fail Memory W - pray for help -- divine ? -- Your skills at the end: Miscellaneous Skills wands [Basic] stealth [Basic] Weapon Skills club [Basic] dart [Basic] Spellcasting Skills Final Attributes: You were devoutly aligned. You were fire resistant. You were poison resistant. Your writing hand was ok. You had infravision. You were very stealthy. You were protected. You are dead. Vanquished creatures: 2 small mimics a giant beetle a water nymph a fire ant 3 wood nymphs a rock piercer a fog cloud a shrieker a gray ooze 2 puppies a dwarf 2 homunculi 3 iguanas a centipede 2 jitterbugs a giant bat 4 monkeys 3 gas spores a hobbit an acid blob 4 large kobolds 2 hobgoblins 2 yellow molds 2 green molds a red mold a gnome 7 manes 2 jackals a kobold 4 newts a goblin 4 sewer rats a grid bug 2 bats 4 lichens 2 kobold zombies 73 creatures vanquished. Voluntary challenges: You did not cause conflict. You did not have reflection. You were not displaced. You had been an atheist until turn 3009. You used a wielded weapon 65 times, starting on turn 271. You did not apply a unicorn horn. You did not use plumbed fixtures. You did not drink any magical draughts. You read items or engraved 1 time, starting on turn 2584. You never genocided any monsters. You never polymorphed an object. You never changed form. You used no wishes. You never split a pudding. You never wrote Elbereth's name. You violated your moral code, losing 1 point of alignment, starting on turn 871. Dungeon overview: The Dungeons of Doom: levels 1 to 3 Level 1 an altar to Blind Io, a fountain a long staircase Level 2 a potion shop, a fountain stairs to The Gnomish Mines Level 3 a fountain The Gnomish Mines: levels 3 to 6 Level 3 stairs to The Dungeons of Doom Level 4 Level 5 many shops, a temple to Offler, a magic chest, some fountains, a sink Level 6 <- You were here History has recorded: On T:1 you entered the Dungeons of Doom to retrieve the Amulet of Yendor! On T:270 you reached level 2 of The Dungeons of Doom. On T:413 you advanced to experience level 2. On T:489 you advanced to experience level 3. On T:671 you reached level 1 of The Gnomish Mines. On T:871 you advanced to experience level 4. On T:1084 you reached level 2 of The Gnomish Mines. On T:2038 you advanced to experience level 5. On T:2284 you reached level 3 of The Gnomish Mines. On T:2582 you opened a magic chest. On T:2997 you entered the Minetown temple On T:3291 you advanced to experience level 6. On T:3345 you reached level 4 of The Gnomish Mines. On T:3515 you reached level 3 of The Dungeons of Doom. Score breakdown: Gold: 0 ( 0 points) Experience: 6 levels ( 500 points) Exploration: 6 levels ( 150 points) Discoveries: 24 items ( 1200 points) Variety of kills: 36 monsters ( 1800 points) Major goal: reached Minetown ( 500 points) Survival: died (score multiplied by 3) Total score: 12450 Latest messages: You resume your meal. You finish eating the fire ant corpse. You feel a momentary chill. You hear some noises. You hear some noises in the distance. Coco misses the giant bat. The giant bat misses Coco. Coco bites the giant bat. Please move the cursor to an unknown object. Never mind. You produce a strange whistling sound. The giant bat bites! You kill the giant bat! You see here a giant bat corpse. The white unicorn butts! The white unicorn kicks! The white unicorn butts! The white unicorn kicks! You die... Final status: Aloha Tolliver Groat the Tourist, killed by a white unicorn... You died in The Gnomish Mines on dungeon level 6 with 12450 points, and 491 pieces of gold, after 3804 moves. You were level 6 with a maximum of 54 hit points when you died.